 Dungeon Crawl Stone Soup version 0.31-a0-1118-gbca3d03946 (webtiles) character file.

Game seed: 2955480546502463018

440 graki42 the Magician (level 6, -9/32 HPs)
             Began as a Deep Elf Venom Mage on Dec 4, 2023.
             Was an Initiate of Vehumet.
             Mangled by Menkaure (22 damage)
             ... on level 4 of the Dungeon.
             The game lasted 00:16:01 (4231 turns).

graki42 the Magician (Deep Elf Venom Mage)          Turns: 4231, Time: 00:16:01

Health: -9/32      AC:  2    Str:  7    XL:     6   Next: 70%
Magic:  1/15       EV: 13    Int: 20    God:    Vehumet [......]
Gold:   213        SH:  0    Dex: 15    Spells: 5/15 levels left

rFire   . . .        f - +0 dagger (elec)
rCold   . . .        (no shield)
rNeg    . . .        a - +0 robe
rPois   .            (no helmet)
rElec   .            (no cloak)
rCorr   .            (no gloves)
SInv    .            (no boots)
Will    +....        k - amulet of regeneration
Stlth   ++           (no ring)
HPRegen 1.05/turn    (no ring)
MPRegen 0.14/turn

%: no passive effects
@: enlightened
A: no striking features
a: Renounce Religion


You were on level 4 of the Dungeon.
You worshipped Vehumet.
Vehumet was noncommittal.
You visited 1 branch of the dungeon, and saw 4 of its levels.
You also visited: Sewer.

You collected 213 gold pieces.

Inventory:

Hand Weapons
 d - a +2 short sword of freezing
 f - a +0 dagger of electrocution (weapon)
Armour
 a - a +0 robe (worn)
Jewellery
 k - an amulet of regeneration (around neck)
 l - a +4 ring of protection
 w - a +4 ring of protection
Scrolls
 g - a scroll of noise {unknown}
 i - 4 scrolls of identify {unknown}
 j - a scroll of acquirement {unknown}
 m - a scroll of blinking {unknown}
 n - a scroll of poison {unknown}
 r - a scroll of summoning {unknown}
 v - a scroll of torment {unknown}
 x - a scroll of revelation
Potions
 b - a potion of magic
 c - a potion of brilliance {unknown}
 e - a potion of heal wounds {unknown}
 h - 3 potions of haste {unknown}
 o - 3 potions of lignification {unknown}
 p - a potion of might {unknown}
 q - a potion of mutation {unknown}
 s - a potion of attraction {unknown}
 t - 4 potions of curing {unknown}
 u - a potion of ambrosia {unknown}
 z - a potion of degeneration {unknown}


   Skills:
 - Level 3.0 Dodging
 - Level 3.0 Stealth
 + Level 5.0 Spellcasting
 + Level 2.6 Conjurations
 + Level 3.4 Transmutations
 + Level 2.5 Air Magic
 + Level 4.8 Poison Magic


You had 5 spell levels left.
You knew the following spells:

 Your Spells              Type           Power      Damage    Failure   Level
a - Sting                 Tmut/Pois      84%        1d7       2%          1
b - Poisonous Vapours     Pois/Air       38%        N/A       3%          2
c - Mephitic Cloud        Conj/Pois/Air  18%        N/A       9%          3
d - Olgreb's Toxic Radia  Pois           24%        N/A       16%         4

Your spell library contained the following spells:

 Spells                   Type           Power      Damage    Failure   Level


Dungeon Overview and Level Annotations

Branches:
Dungeon (4/15)              Sewer (visited)
 Temple: D:4-7

Altars:
Okawaru
Vehumet
The Shining One

Shops:
D:2 (

Annotations:
D:4 Menkaure


Message History

Menkaure closely misses you.
Casting: Sting (safe; 2% risk of failure)
Confirm with . or Enter, or press ? or * to list all spells.
Aiming: Sting (safe; 2% risk of failure)
Press: ? - help, Shift-Dir - straight line, f/p - Menkaure
Aim: Menkaure (severely damaged, fast, 89% to hit)
The sting hits Menkaure.
Menkaure is severely damaged.
Menkaure misses you.
Casting: Sting (safe; 2% risk of failure)
Confirm with . or Enter, or press ? or * to list all spells.
Aiming: Sting (safe; 2% risk of failure)
Press: ? - help, Shift-Dir - straight line, f/p - Menkaure
Aim: Menkaure (severely damaged, fast, 89% to hit)
The sting hits Menkaure but does no damage.
Menkaure is severely damaged.
Menkaure hits you but does no damage.
Casting: Sting (safe; 2% risk of failure)
Confirm with . or Enter, or press ? or * to list all spells.
Aiming: Sting (safe; 2% risk of failure)
Press: ? - help, Shift-Dir - straight line, f/p - Menkaure
Aim: Menkaure (severely damaged, fast, 89% to hit)
The sting hits Menkaure.
Menkaure is severely damaged.
Menkaure casts a spell at you. You resist with some effort.
Menkaure closely misses you.
You hit Menkaure but do no damage.
Menkaure is severely damaged.
Menkaure hits you!
You hit Menkaure.
Menkaure is almost destroyed.
Menkaure closely misses you.
You hit Menkaure but do no damage.
Menkaure is almost destroyed.
You float gracefully downwards.
Menkaure hits you.
You hit Menkaure but do no damage.
Menkaure is almost destroyed.
Menkaure hits you!!
Ouch! That really hurt!
You die...

.. . .# #. #.##
..# #M# #@## #..#
# ##.# # #.#####
## #.....######
##.
#.#........####..
#..#######........
#.## ##.#####..#
.. ##...## ###.


You could see Menkaure (fast).

Vanquished Creatures
  Sigmund (D:2)
  A kobold brigand (Sewer)
  A sleepcap (D:3)
  2 river rats
  7 adders
  3 worms (Sewer)
  3 dart slugs
  An orc (D:3)
  5 endoplasms
  5 giant cockroaches
  4 goblins
  4 hobgoblins
  3 jackals (D:1)
  5 quokkas
  9 ball pythons
  9 bats
  8 frilled lizards
  16 kobolds
  8 rats
95 creatures vanquished.

Notes
Turn   | Place    | Note
-------+----------+-------------------------------------------
     0 | D:1      | graki42 the Deep Elf Venom Mage began the quest for the
                  | Orb.
     0 | D:1      | Reached XP level 1. HP: 10/10 MP: 6/6
   224 | D:1      | Reached XP level 2. HP: 15/15 MP: 6/8
   231 | D:1      | Learned a level 2 spell: Poisonous Vapours
   999 | D:1      | Reached XP level 3. HP: 19/19 MP: 9/9
  1007 | D:1      | Learned a level 3 spell: Mephitic Cloud
  1295 | D:2      | Found an iron altar of Okawaru.
  1906 | D:2      | Found Sainges's Antique Weapon Emporium.
  1955 | D:2      | Noticed Sigmund
  1967 | D:2      | Killed Sigmund
  1968 | D:2      | Reached skill level 4 in Spellcasting
  1968 | D:2      | Reached skill level 1 in Conjurations
  1968 | D:2      | Reached skill level 1 in Air Magic
  1968 | D:2      | Reached XP level 4. HP: 12/24 MP: 1/12
  1968 | D:2      | Reached XP level 5. HP: 15/28 MP: 1/13
  2265 | D:3      | Found a glowing golden altar of the Shining One.
  2428 | D:3      | Found a glowing drain.
  2432 | Sewer    | Entered a sewer
  2461 | Sewer    | Reached XP level 6. HP: 32/32 MP: 6/14
  3802 | D:3      | Found a radiant altar of Vehumet.
  3828 | D:3      | Became a worshipper of Vehumet
  3834 | D:3      | Learned a level 4 spell: Olgreb's Toxic Radiance
  3942 | D:4      | Reached skill level 5 in Spellcasting
  4207 | D:4      | Noticed Menkaure
  4231 | D:4      | Mangled by Menkaure

Illustrated notes

Levels and vault maps discovered:
D:1:      matt_arrival_grand_opening, layout_basic
D:2:      layout_basic, serial_shops, shop, basic_altar, minmay_pentomino_q2,
          uniq_sigmund
D:3:      layout_loops_ring, nicolae_vehumet_radiance,
          nicolae_tso_swordbearing_angel, gup_sewer_entry_spiral,
          minmay_tree_intersection
D:4:      layout_cave_pods, uniq_menkaure

Skill      XL: |  1  2  3  4  5  6 |
---------------+-------------------+-----
Stealth        | 3 |  3.0
Dodging        | 3 |  3.0
Transmutations | 2 3 |  3.4
Spellcasting   | 4 5 |  5.0
Conjurations   | 1 2 |  2.6
Air Magic      | 1 2 |  2.5
Poison Magic   | 4 |  4.8

Action                     |  1- 3 |  4- 6 || total
---------------------------+-------+-------++-------
  Melee: Short sword       |     3 |       ||     3
         Dagger            |     2 |    35 ||    37
   Cast: Sting             |    63 |   102 ||   165
         Poisonous Vapours |     5 |    11 ||    16
         Mephitic Cloud    |     1 |       ||     1
    Use: Scroll            |       |     1 ||     1
         Potion            |       |     1 ||     1
   Stab: Sleeping          |     1 |       ||     1
 Armour: Robe              |    19 |    36 ||    55
  Dodge: Dodged            |    32 |    49 ||    81

Table legend: (Time is in decaauts)
 A = Elapsed time spent in this place.
 B = Non-inter-level travel time spent in this place.
 C = Inter-level travel time spent in this place.
 D = Time resting spent in this place.
 E = Time spent auto-exploring this place.
 F = Levels seen in this place.
 G = Mean time per level.
                   A        B        C        D        E       F      G
               +--------+--------+--------+--------+--------+-----+--------+
         Total |   4351 |   4250 |    101 |    338 |   3074 |   5 |  870.2 |
       Dungeon |   3683 |   3582 |    101 |    175 |   2769 |   4 |  920.8 |
         Sewer |    668 |    668 |      0 |    163 |    304 |   1 |  668.0 |
               +--------+--------+--------+--------+--------+-----+--------+

Top non-repeatable levels by time:
     D:1: 1238 daAuts
     D:3: 1139 daAuts
     D:2: 1010 daAuts
   Sewer: 668 daAuts
     D:4: 294 daAuts
